 Dungeon Crawl Stone Soup version 0.26.1 (webtiles) character file.

Game seed: 7772506292760394845

473 Descartes the Covert (level 6, 0/28 HPs)
             Began as a Felid Delver on Feb 5, 2021.
             Slain by an ogre
             ... wielding a +0 giant spiked club
              (28 damage)
             ... on level 5 of the Dungeon.
             The game lasted 00:14:13 (7314 turns).

Descartes the Covert (Felid Delver)                 Turns: 7314, Time: 00:14:13

Health: 0/28       AC:  2    Str: 10    XL:     6   Next: 83%
Magic:  7/7        EV: 23    Int: 17    God:
Gold:   289        SH:  0    Dex: 18    Spells: 5/5 levels left
                                        Lives:  0   Deaths: 2

rFire    . . .     SeeInvis +     - Unarmed
rCold    . . .     Faith    .   (shield unavailable)
rNeg     . . .     Spirit   .   (armour unavailable)
rPois    .         Reflect  .   (helmet unavailable)
rElec    .         Harm     .   (cloak unavailable)
rCorr    .         Rampage  .   (gloves unavailable)
Will     .....                  (boots unavailable)
Stlth    +++++.....             (no amulet)
HPRegen  0.09/turn              u - +6 ring of intelligence
MPRegen  0.10/turn              (no ring)

@: quick
A: very small, no armour, no weapons or thrown items, stealth, claws 1, fangs 3,
see invisible, speed 1, shaggy fur 2, sharp paws
a: no special abilities


You were on level 5 of the Dungeon.
You visited 2 branches of the dungeon, and saw 6 of its levels.

You collected 289 gold pieces.

Inventory:

Missiles
 o - 57 arrows
Jewellery
 h - an uncursed ring of ice
 s - an uncursed amulet of faith
 u - a +6 ring of intelligence (left paw)
Wands
 e - a wand of digging (3)
 g - a wand of iceblast (7)
 w - a wand of polymorph (3)
Scrolls
 a - a scroll of fog
 b - 2 scrolls of magic mapping
 c - 2 scrolls of fear
 d - a scroll of amnesia {unknown}
 f - 3 scrolls of remove curse
 i - 2 scrolls of teleportation {unknown}
 q - 3 scrolls of enchant weapon {unknown}
 r - a scroll of immolation {unknown}
Potions
 j - 2 potions of cancellation
 k - 2 potions of brilliance
 l - a potion of lignification
 m - 2 potions of resistance
 n - a potion of haste
 p - 3 potions of curing
 t - a potion of magic
 v - a potion of attraction {unknown}
 x - a potion of berserk rage {unknown}


   Skills:
 - Level 3.0 Fighting
 + Level 7.1 Dodging
 - Level 10.0 Stealth
 + Level 5.2 Unarmed Combat


You had 5 spell levels left.
You didn't know any spells.
Your spell library was empty.

Dungeon Overview and Level Annotations

Branches:
Dungeon (5/15)             Temple (1/1) D:4

Altars:
Ashenzari
Cheibriados
Elyvilon
Fedhas
Hepliaklqana
Kikubaaqudgha
Makhleb
Nemelex Xobeh
Okawaru
Qazlal
Ru
Sif Muna
Trog
Vehumet
Xom
Yredelemnul
The Shining One


Innate Abilities, Weirdness & Mutations

You cannot wear armour.
You are incapable of wielding weapons or throwing items.
Your paws allow you to move quietly. (Stealth)
You have sharp claws.
You have razor-sharp teeth.
You have supernaturally acute eyesight. (SInv)
You cover ground quickly.
You are covered in thick fur. (AC +2)
Your sharp claws are effective at attacking unaware monsters.


Message History

o - 57 arrows (gained 1);
x - a lumpy amethyst potion A jackal is nearby!
The jackal barks!
You claw the jackal!
You kill the jackal!
No target in view!
You see here a jackal corpse.
There is a stone staircase leading down here.
An ogre is nearby!
No target in view!
No target in view!
An ogre is nearby!
The ogre barely misses you.
You scratch the ogre.
The ogre is lightly wounded.
You scratch the ogre but do no damage.
The ogre is lightly wounded.
The ogre hits you with a +0 giant spiked club!!
Ouch! That really hurt!
You die...

.........####.#........†.......#
.###.......##.#...............#
.###.....#.##.#..#...........##
....>............#.#....#########
.....###...............######...#
...#.#..÷#........##............#
...#...#####...#######.##.......#
......## #...#####......###...#
...##.######....@O.....#### #####
....#....(......##.....#
....#####.........)###.#
......###..........# #...
........#.........## ####.#
...................## ..
..........[.........# ..
..................#.#### .
........................


You could see an ogre.

Vanquished Creatures
  A sky beast (D:5)
  A centaur (D:5)
  A scorpion (D:4)
  A vampire bat (D:4)
  An orc priest (D:4)
  A bullfrog skeleton (D:5)
  An orc wizard (D:4)
  A jelly (D:5)
  A gnoll shaman (D:4)
  4 iguanas
  3 worker ants
  A worker ant zombie (D:5)
  11 gnolls
  2 adders (D:4)
  A shadow imp (D:5)
  A white imp (D:5)
  An ufetubus (D:5)
  2 oozes
  An adder zombie (D:5)
  2 adder skeletons (D:5)
  3 worms
  4 dart slugs
  3 leopard geckos
  9 orcs
  15 bats
  2 giant cockroaches
  5 goblins
  9 hobgoblins
  5 jackals
  6 kobolds
  2 quokkas
  6 ball pythons
  8 frilled lizards
  5 rats
120 creatures vanquished.

Notes
Turn   | Place    | Note
-------+----------+-------------------------------------------
     0 | D:5      | Descartes the Felid Delver began the quest for the Orb.
     0 | D:5      | Reached XP level 1. HP: 10/10 MP: 2/2
     7 | D:5      | Noticed a sky beast
    22 | D:5      | Reached skill level 7 in Stealth
    31 | D:5      | Killed a sky beast
    32 | D:5      | Reached skill level 9 in Stealth
    32 | D:5      | Reached XP level 2. HP: 9/14 MP: 3/3
    32 | D:5      | Reached XP level 3. HP: 11/17 MP: 4/4
    32 | D:5      | Reached XP level 4. HP: 14/21 MP: 5/5
   159 | D:5      | Reached XP level 5. HP: 20/24 MP: 6/6
   171 | D:5      | Slain by a bullfrog skeleton
   172 | D:5      | Reached XP level 4. HP: -4/21 MP: 5/5
   268 | D:5      | Noticed an ogre
  1023 | D:1      | Reached XP level 5. HP: 23/24 MP: 6/6
  2265 | D:2      | Found a shimmering blue altar of Sif Muna.
  4273 | D:3      | Gained mutation: You are covered in thick fur. (AC +2)
                  | [Felid growth]
  4273 | D:3      | Reached XP level 6. HP: 13/28 MP: 7/7
  4639 | D:4      | Reached skill level 10 in Stealth
  4813 | D:4      | Reached skill level 5 in Dodging
  4831 | D:4      | HP: 1/28 [iguana (13)]
  5144 | D:4      | Found a staircase to the Ecumenical Temple.
  5153 | Temple   | Entered the Ecumenical Temple
  5840 | D:4      | Found a sacrificial altar of Ru.
  5903 | D:4      | Reached XP level 7. HP: 31/31 MP: 8/8
  5962 | D:4      | Found an iron altar of Okawaru.
  6249 | D:3      | Found a hazy altar of Hepliaklqana.
  7144 | D:5      | Killed from afar by a white imp
  7145 | D:5      | Reached XP level 6. HP: 0/28 MP: 7/7
  7218 | D:5      | Reached skill level 5 in Unarmed Combat
  7314 | D:5      | Slain by an ogre

Illustrated notes

Levels and vault maps discovered:
D:1:      dpeg_arrival_more_subterranean_lakeside_camping, layout_basic
D:2:      layout_loops_ring, old_standard_altar
D:3:      lemuel_upstairs_altar, layout_basic
D:4:      layout_cave_pools, nicolae_overflow_crystal_walls,
          okawaru_altar_gauntlet_db, minmay_temple_entry_statues_pillars,
          roderic_batcave, amethyst_killhole, chequers_jeans
D:5:      layout_rooms
Temple:   eino_temple_water

Skill      XL: |  1  2  3  4  5  6  7 |
---------------+----------------------+-----
Stealth        | 9 10 | 10.0
Dodging        | 3 4 7 6 |  7.1
Unarmed Combat | 3 5 |  5.2
Fighting       | |  3.0

Action                   |  1- 3 |  4- 6 |  7- 9 || total
-------------------------+-------+-------+-------++-------
Melee: Unarmed           |    13 |   310 |    62 ||   385
       Bite              |     2 |    27 |     5 ||    34
       Punch             |       |     5 |       ||     5
  Use: Potion            |       |     1 |       ||     1
       Scroll            |       |     8 |       ||     8
 Stab: Sleeping          |     1 |    28 |     1 ||    30
       Distracted        |       |     4 |       ||     4
       Confused          |       |       |     2 ||     2
Armor: Skin              |     1 |    21 |     1 ||    23
Dodge: Dodged            |     9 |   317 |    67 ||   393
